 Dungeon Crawl Stone Soup version 0.30-a0-634-g8abc85282e (webtiles) character file.

Game seed: 787003097971183492

155 omnomnOMINOUS the Conjurer (level 5, -1/34 HPs)
             Began as an Octopode Wanderer on Jan 15, 2023.
             Was an Initiate of Gozag.
             Slain by a gnoll
             ... wielding a +0 halberd
              (14 damage)
             ... on level 3 of the Dungeon.
             The game lasted 00:05:53 (1724 turns).

omnomnOMINOUS the Conjurer (Octopode Wanderer)      Turns: 1724, Time: 00:05:54

Health: -1/34      AC:  1    Str:  9    XL:     5   Next: 37%
Magic:  8/8        EV: 13    Int: 19    God:    Gozag
Gold:   184        SH:  0    Dex:  9    Spells: 3/8 levels left

rFire   . . .      SeeInvis .    a - +2 spear (vamp)
rCold   . . .      Faith    .    (no shield)
rNeg    . . .      Spirit   .    e - +0 hat
rPois   .          Reflect  .    (no amulet)
rElec   .          Harm     .    (no ring)
rCorr   .          Rampage  .    (no ring)
Will    .....                    (no ring)
Stlth   +++                      (no ring)
HPRegen 0.25/turn                (no ring)
MPRegen 0.11/turn                (no ring)
                                 (no ring)
                                 (no ring)

@: gold aura, hasted, very quick
A: almost no armour, amphibious, 8 rings, camouflage 1, gelatinous body 1,
(nimble swimmer 1), tentacles, tentacle spike 1, dopey 1, subdued magic 1
a: Renounce Religion, Potion Petition, Call Merchant, Bribe Branch


You were on level 3 of the Dungeon.
You worshipped Gozag.
Gozag was aware of your devotion.
You visited 1 branch of the dungeon, and saw 3 of its levels.

You collected 184 gold pieces.

Inventory:

Hand Weapons
 a - a +2 vampiric spear (weapon)
 b - a +0 trident
Missiles
 j - 3 poisoned darts (quivered)
Armour
 e - a +0 hat (worn)
Scrolls
 d - a scroll of silence {unknown}
 g - 2 scrolls of teleportation {unknown}
 h - a scroll of torment {unknown}
 i - 5 scrolls of identify {unknown}
 l - a scroll of blinking {unknown}
 n - a scroll of amnesia {unknown}
 o - a scroll of acquirement {unknown}
 q - a scroll of noise {unknown}
Potions
 c - a potion of brilliance
 k - a potion of heal wounds
 p - a potion of lignification {unknown}


   Skills:
 + Level 2.3 Fighting
 - Level 2.0 Maces & Flails
 + Level 1.1 Polearms
 + Level 1.9 Dodging
 - Level 3.1 Stealth
 - Level 2.0 Spellcasting
 + Level 3.5 Conjurations
 + Level 1.7 Earth Magic
 - Level 1.1 Evocations


You had 3 spell levels left.
You knew the following spells:

 Your Spells              Type           Power      Damage    Failure   Level
a - Passwall              Tmut/Erth      2%         N/A       16%         2
b - Stone Arrow           Conj/Erth      18%        3d8       14%         3

Your spell library contained the following spells:

 Spells                   Type           Power      Damage    Failure   Level
 Sandblast                Erth           12%        2d6       7%          1
 Momentum Strike          Conj/Tloc      12%        3d8       10%         2
 Static Discharge         Conj/Air       12%        2-3/arc   10%         2


Dungeon Overview and Level Annotations

Branches:
Dungeon (3/15)

Altars:
Cheibriados
Gozag

Shops:
D:1 ([[   D:2 (


Innate Abilities, Weirdness & Mutations

You cannot wear most types of armour.
You are amphibious.
You can wear up to eight rings at the same time.
Your skin changes colour to match your surroundings (Stealth+).
Your rubbery body absorbs attacks. (AC +1, EV +1)
((You are camouflaged when in or above water. (Stealth+)))
You have tentacles for arms and can constrict up to eight enemies at once.
One of your tentacles bears a spike.
You are dopey. (Int -2)
Your spells are a little easier to cast, but a little less powerful.


Message History

The gnoll hits you with a +0 club!
You hit the gnoll.
You feel better.
The gnoll is heavily wounded.
You constrict the gnoll. The gnoll misses you. x3
You hit the gnoll.
You kill the gnoll!
The gnoll barely misses you. The gnoll closely misses you.
The gnoll hits you from afar with a +0 halberd.
The gnoll barely misses you.
Reach: a) +2 spear (vamp)
Press: ? - help, Dir - move target, f - gnoll
Aim: a gnoll, wielding a +0 halberd (about 36% to evade your +2 vampiric spear)
You reach to attack!
You barely miss the gnoll.
The gnoll hits you from afar with a +0 halberd!
The gnoll hits you from afar with a +0 halberd.
* * * LOW HITPOINT WARNING * * *
You feel much better. The gnoll barely misses you.
The gnoll hits you from afar with a +0 halberd!
It was a potion of mutation.
You feel extremely strange.
Your connection to magic feels subdued.
One of your lower tentacles grows a sharp spike.
You feel stupid. The gnoll hits you but does no damage.
The gnoll closely misses you.
It was a potion of haste.
You feel yourself speed up.
The gnoll hits you from afar with a +0 halberd!
The gnoll closely misses you.
Reach: a) +2 spear (vamp)
Press: ? - help, Dir - move target, f/p - gnoll
Aim: a gnoll, wielding a +0 halberd (about 36% to evade your +2 vampiric spear)
You reach to attack!
You hit the gnoll.
You feel better.
The gnoll is lightly wounded.
Reach: a) +2 spear (vamp)
Press: ? - help, Dir - move target, f/p - gnoll
Aim: a gnoll, wielding a +0 halberd (lightly wounded, about 36% to evade your +2 vampiric spear)
You reach to attack!
You hit the gnoll.
The gnoll is severely wounded.
The gnoll hits you from afar with a +0 halberd.
The gnoll hits you from afar with a +0 halberd!
You die...
Your body crumbles into a pile of gold.

#.......#####..
#........#... #
#####....#.###..#
#..g........#
##.....####.##
#.#..g.......
#...#gg....##
######.#######
#....#@$......
#.........####
#.........#
####......#
#......# #......#
#......#########
#.#............#
#.############.#


You could see 3 gnolls.

Vanquished Creatures
  A black bear (D:3)
  A gnoll (D:3)
  2 adders (D:2)
  A ball python (D:2)
  7 bats
  6 endoplasms
  4 giant cockroaches
  6 goblins
  5 hobgoblins
  A frilled lizard (D:1)
  2 kobolds (D:1)
  3 rats (D:1)
39 creatures vanquished.

Notes
Turn   | Place    | Note
-------+----------+-------------------------------------------
     0 | D:1      | omnomnOMINOUS the Octopode Wanderer began the quest for the
                  | Orb.
     0 | D:1      | omnomnOMINOUS set off with the following items: a +2 mace,
                  | a +0 hat, a potion of brilliance; and the following spells
                  | available to memorise: Momentum Strike, Static Discharge.
     0 | D:1      | Reached XP level 1. HP: 13/13 MP: 2/2
   104 | D:1      | Found Neuc's Antique Armour Shop.
   123 | D:1      | Reached XP level 2. HP: 18/18 MP: 3/3
   150 | D:1      | Learned a level 2 spell: Passwall
   218 | D:1      | Found Lojigok's Weapon Shoppe.
   246 | D:1      | Found Deosh's Armour Shoppe.
   609 | D:1      | Reached skill level 1 in Dodging
   690 | D:1      | Reached XP level 3. HP: 23/23 MP: 5/5
   892 | D:2      | Found a faded altar of an unknown god.
   895 | D:2      | Prayed at the altar of an unknown god.
   895 | D:2      | Became a worshipper of Gozag Ym Sagoz the Greedy
  1315 | D:2      | Found Rainocw's Weapon Boutique.
  1347 | D:2      | Found a snail-covered altar of Cheibriados.
  1525 | D:3      | Reached XP level 4. HP: 29/29 MP: 6/6
  1533 | D:3      | Reached skill level 1 in Earth Magic
  1537 | D:3      | Learned a level 3 spell: Stone Arrow
  1558 | D:3      | Noticed a black bear
  1563 | D:3      | Killed a black bear
  1564 | D:3      | Reached skill level 1 in Polearms
  1564 | D:3      | Reached XP level 5. HP: 8/34 MP: 3/8
  1721 | D:3      | Gained mutation: Your spells are a little easier to cast,
                  | but a little less powerful. [potion of mutation]
  1721 | D:3      | Gained mutation: One of your tentacles bears a spike.
                  | [potion of mutation]
  1721 | D:3      | Gained mutation: You are dopey. (Int -2) [potion of
                  | mutation]
  1724 | D:3      | Slain by a gnoll

Illustrated notes

Levels and vault maps discovered:
D:1:      saegor_arrival_miasma, layout_rooms, serial_shops,
          nicolae_shop_advertising_works [nicolae_subvault_shop_adworks],
          nicolae_shop_stone, shop, kennysheep_small_spiral
D:2:      layout_loops_ring, shapermc_ecumenical_altar_mp_vishouse, basic_altar,
          serial_shops, nicolae_shop_hallway_stairs
D:3:      minmay_spotlight, layout_basic, minitemple

Skill      XL: |  1  2  3  4 |
---------------+-------------+-----
Stealth        | 3 |  3.1
Dodging        | 1 |  1.9
Earth Magic    | 1 |  1.7
Fighting       | 2 |  2.3
Polearms       | 1 |  1.1
Spellcasting   | 2 |  2.0
Maces & Flails | |  2.0
Conjurations   | |  3.5
Evocations     | |  1.1

Action                   |  1- 3 |  4- 6 || total
-------------------------+-------+-------++-------
Melee: Mace              |    56 |       ||    56
       Tentacles         |    10 |     2 ||    12
       Constrict         |    16 |     2 ||    18
       Spear             |    10 |    14 ||    24
 Cast: Stone Arrow       |       |     1 ||     1
  Use: Potion            |       |     4 ||     4
 Stab: Sleeping          |    15 |     2 ||    17
       Distracted        |     1 |       ||     1
Armor: Skin              |     8 |     1 ||     9
Dodge: Dodged            |    48 |    14 ||    62

Table legend: (Time is in decaauts)
 A = Elapsed time spent in this place.
 B = Non-inter-level travel time spent in this place.
 C = Inter-level travel time spent in this place.
 D = Time resting spent in this place.
 E = Time spent auto-exploring this place.
 F = Levels seen in this place.
 G = Mean time per level.
                   A        B        C        D        E       F      G
               +--------+--------+--------+--------+--------+-----+--------+
         Total |   1741 |   1700 |     41 |    101 |   1242 |   3 |  580.3 |
       Dungeon |   1741 |   1700 |     41 |    101 |   1242 |   3 |  580.3 |
               +--------+--------+--------+--------+--------+-----+--------+

Top non-repeatable levels by time:
     D:1: 808 daAuts
     D:2: 724 daAuts
     D:3: 208 daAuts
